 Dungeon Crawl Stone Soup version 0.20-a0-303-g575bbf7 (webtiles) character file.

1530 HarryHood the Basher (level 8, -7/51 HPs)
             Began as a Gargoyle Berserker on Dec 17, 2016.
             Was an Elder of Trog.
             Mangled by an ogre
             ... wielding a +0 giant club
              (21 damage)
             ... on level 6 of the Dungeon.
             The game lasted 00:25:26 (4436 turns).

HarryHood the Basher (Gargoyle Berserker)           Turns: 4436, Time: 00:25:26

Health: -7/51      AC: 20    Str: 20    XL:     8   Next: 85%
Magic:  17/17      EV:  6    Int:  9    God:    Trog [****..]
Gold:   242        SH:  0    Dex: 11    Spells: 7/7 levels left

rFire  . . .     SeeInvis .     h - +1 morningstar
rCold  . . .     Gourm    .     q - +0 plate armour
rNeg   + . .     Faith    .     (no shield)
rPois  ∞         Spirit   .     (no helmet)
rElec  +         Reflect  .     w - +0 cloak
rCorr  .         Harm     .     (no gloves)
MR     .....                    f - +0 pair of boots
Stlth  ..........               (no amulet)
                                (no ring)
                                a - ring of magical power

@: no status effects
A: negative energy resistance 1, electricity resistance, unbreathing,
petrification resistance, rot immunity, AC +5
a: Berserk, Trog's Hand, Brothers in Arms, Burn Spellbooks, Renounce Religion


You were on level 6 of the Dungeon.
You worshipped Trog.
Trog was greatly pleased with you.
You were not hungry.

You visited 1 branch of the dungeon, and saw 6 of its levels.

You collected 242 gold pieces.

Inventory:

Hand Weapons
 h - a +1 morningstar (weapon)
Armour
 f - a +0 pair of boots (worn)
 q - a +0 plate armour (worn)
 w - a +0 cloak (worn)
Jewellery
 a - a ring of magical power (left hand)
Wands
 x - a wand of digging (19/24)
Scrolls
 b - 2 scrolls of teleportation
 s - a scroll of remove curse
Potions
 e - a potion of agility
 g - 4 potions of curing
 i - 2 potions of cancellation
 j - 3 potions of might
 k - a potion of invisibility {unknown}
 l - a potion of brilliance {unknown}
 m - a potion of flight {unknown}
 o - a potion of berserk rage {unknown}
 p - 4 potions of ambrosia {unknown}
 r - a potion of heal wounds {unknown}
 v - a potion of degeneration {unknown}
Comestibles
 c - 6 bread rations
 d - 3 beef jerkies
 n - 10 chunks of flesh
 t - 3 fruits


   Skills:
 - Level 6.0 Fighting
 * Level 8.7 Maces & Flails
 - Level 6.1 Armour
 - Level 1.5 Dodging


You had 7 spell levels left.
You didn't know any spells.

Dungeon Overview and Level Annotations

Branches:
Dungeon (6/15)
 Temple: D:4-7

Altars:
Makhleb
Qazlal

Shops:
D:5 }

Annotations:
D:6 Uniporpoise's ghost, novice DrNe


Innate Abilities, Weirdness & Mutations

You are resistant to torment.
Your stone body is resilient. (AC +5)
You are immune to poison.
You resist negative energy. (rN+)
You are resistant to electric shocks. (rElec)
You can survive without breathing.
You are immune to petrification.
You are immune to rotting.


Message History

Things that are here:
a dagger; a robe You start resting.
You feel less exhausted.
You start resting.
An ogre is nearby!
The ogre shouts!
There is an open door, spattered with blood here.
Things that are here:
a dagger; a robe Uniporpoise's ghost turns its malevolent gaze towards you.
The ogre hits you with a giant club.
* * * LOW HITPOINT WARNING * * *
You hit the ogre.
The ogre is lightly wounded.
The ogre hits you but does no damage.
Your plate armour prevents you from hitting the ogre.
The ogre is lightly wounded.
The ogre hits you with a giant club!!
You die...

#......+....#
#......#....# #
#+#####..##..##..####
#.!..##..##..##W.##..
#.............'......
#....##..##..##.<....
#....##..##'###..##..
#....#)......###'####
#...@O[W.......... .
#...###..##....>.. .
##### #..##..###.# ..
....##..# # ..
#......... ...
#..........
#(O........#
.....##.. ####..#


You could see an ogre and Uniporpoise's ghost.

Vanquished Creatures
  Pikel (D:5)
  Sigmund (D:3)
  An orc warrior (D:6)
  A slave (D:5)
  An ogre (D:5)
  A scorpion (D:5)
  A crimson imp (D:5)
  3 hounds (D:5)
  2 orc wizards
  2 orc priests (D:3)
  A jelly (D:5)
  Jessica (D:2)
  A bullfrog skeleton (D:5)
  3 worker ants (D:5)
  Terence (D:2)
  9 adders
  8 gnolls
  An ooze (D:3)
  8 worms
  10 orcs
  8 bats
  3 giant cockroaches
  6 hobgoblins
  12 jackals
  A quokka (D:5)
  3 frilled lizards (D:2)
  13 goblins
  A jackal skeleton (D:4)
  4 kobolds
  11 rats
119 creatures vanquished.

Notes
Turn   | Place    | Note
-------+----------+-------------------------------------------
     0 | D:1      | HarryHood the Gargoyle Berserker began the quest for the Orb.
     0 | D:1      | Reached XP level 1. HP: 14/14 MP: 1/1
   136 | D:1      | Reached XP level 2. HP: 19/19 MP: 2/2
   380 | D:1      | Reached ** piety under Trog
   568 | D:2      | Noticed Sigmund
   627 | D:2      | Reached skill level 4 in Maces & Flails
   634 | D:2      | Reached XP level 3. HP: 6/23 MP: 3/3
  1002 | D:2      | Found a stormy altar of Qazlal.
  1003 | D:2      | Noticed an earth elemental
  1004 | D:2      | Noticed Terence
  1005 | D:2      | Noticed a water elemental
  1005 | D:2      | Noticed an air elemental
  1005 | D:2      | Noticed a fire elemental
  1014 | D:2      | Killed Terence
  1014 | D:2      | Reached XP level 4. HP: 20/28 MP: 4/4
  1039 | D:2      | Reached skill level 5 in Maces & Flails
  1340 | D:2      | Noticed Jessica
  1346 | D:2      | Killed Jessica
  1346 | D:2      | Reached XP level 5. HP: 32/32 MP: 5/5
  1602 | D:2      | Reached skill level 6 in Maces & Flails
  2114 | D:3      | Reached XP level 6. HP: 38/38 MP: 6/6
  2221 | D:3      | Killed Sigmund
  2221 | D:3      | Reached *** piety under Trog
  2221 | D:3      | Reached skill level 5 in Fighting
  2331 | D:3      | Reached XP level 7. HP: 46/46 MP: 7/7
  3439 | D:5      | Entered Level 5 of the Dungeon
  3614 | D:5      | Reached skill level 5 in Armour
  3637 | D:5      | Found a burning altar of Makhleb.
  3773 | D:5      | Found Ycackov's Gadget Shop.
  3890 | D:5      | Reached XP level 8. HP: 51/51 MP: 8/8
  4025 | D:5      | Noticed Pikel
  4040 | D:5      | Killed Pikel
  4040 | D:5      | Reached skill level 8 in Maces & Flails
  4362 | D:6      | Noticed Uniporpoise's ghost (novice DrNe)
  4382 | D:6      | Reached **** piety under Trog
  4436 | D:6      | Mangled by an ogre

Vault maps used:
D:1:      dpeg_arrival_round_c
D:2:      wad_lake_hut, serial_bayou_pond_b, nicolae_qazlal_style_of_elements,
          uniq_jessica, uniq_terence, uniq_sigmund
D:4:      minmay_fountain_box
D:5:      first_bread, serial_shops, nicolae_shop_waterfront, st_stairs_6,
          makhleb_heckhound_becter, uniq_pikel
D:6:      old_forge

Skill      XL: |  1  2  3  4  5  6  7  8 |
---------------+-------------------------+-----
Maces & Flails | 4 5 6 8 |  8.7
Fighting       | 4 6 |  6.0
Armour         | 6 |  6.1
Dodging        | |  1.5

Action                   |  1- 3 |  4- 6 |  7- 9 || total
-------------------------+-------+-------+-------++-------
Melee: Mace              |    81 |   152 |       ||   233
       Flail             |       |     4 |       ||     4
       Morningstar       |       |    37 |   213 ||   250
Invok: Berserk           |     1 |     1 |     2 ||     4
  Use: Scroll            |     4 |     6 |     7 ||    17
  Eat: Chunk             |     1 |     6 |     9 ||    16
Armor: Animal skin       |    48 |       |       ||    48
       Chain mail        |       |   115 |    30 ||   145
       Plate armour      |       |       |   177 ||   177
Dodge: Dodged            |    77 |    87 |    85 ||   249
